 Dungeon Crawl Stone Soup version 0.25-b1-41-g19641232cd (webtiles) character file.

Game seed: 11857052773744955993

166 Froggeryz the Scratcher (level 5, 0/22 HPs)
             Began as a Felid Transmuter on June 8, 2020.
             Slain by a phantom (8 damage)
             ... on level 4 of the Dungeon.
             The game lasted 00:04:42 (3974 turns).

Froggeryz the Scratcher (Felid Transmuter)          Turns: 3974, Time: 00:04:43

Health: 0/22       AC:  1    Str:  7    XL:     5   Next: 22%
Magic:  3/9        EV: 19    Int: 15    God:
Gold:   196        SH:  0    Dex: 16    Spells: 5/8 levels left
                                        Lives:  0   Deaths: 1

rFire    . . .     SeeInvis +     - Unarmed
rCold    . . .     Gourm    .   (shield unavailable)
rNeg     . . .     Faith    .   (armour unavailable)
rPois    .         Spirit   .   (helmet unavailable)
rElec    .         Reflect  .   (cloak unavailable)
rCorr    .         Harm     .   (gloves unavailable)
MR       .....                  (boots unavailable)
Stlth    +++.......             (no amulet)
HPRegen  0.07/turn              (no ring)
MPRegen  0.11/turn              (no ring)

@: very slightly contaminated, quick
A: very small, no armour, no weapons or thrown items, stealth, claws 1, fangs 3,
see invisible, carnivore, speed 1, shaggy fur 1, slow metabolism 1, sharp paws
a: no special abilities


You were on level 4 of the Dungeon.
You were completely stuffed.

You visited 1 branch of the dungeon, and saw 4 of its levels.

You collected 196 gold pieces.

Inventory:

Missiles
 a - 51 arrows
Wands
 j - a wand of digging (3)
 m - a wand of paralysis (2)
 p - a wand of flame (16)
 t - a wand of acid (5)
Scrolls
 b - 3 scrolls of enchant armour {unknown}
 d - 3 scrolls of identify {unknown}
 f - 3 scrolls of remove curse {unknown}
 h - a scroll of fear {unknown}
 k - a scroll of teleportation {unknown}
 l - a scroll of magic mapping {unknown}
 n - a scroll of noise {unknown}
 o - 2 scrolls of fog {unknown}
Potions
 e - a potion of lignification {unknown}
 g - a potion of flight {unknown}
 i - a potion of berserk rage {unknown}
 q - 2 potions of haste {unknown}
 r - 2 potions of cancellation {unknown}
 s - a potion of brilliance {unknown}
Comestibles
 c - 5 rations


   Skills:
 - Level 2.1 Fighting
 + Level 4.0 Dodging
 + Level 2.3 Stealth
 * Level 5.4 Unarmed Combat
 - Level 2.0 Spellcasting
 - Level 2.1 Transmutations


You had 5 spell levels left.
You knew the following spells:

 Your Spells              Type           Power        Failure   Level  Hunger
a - Beastly Appendage     Tmut           #.....       9%          1    #......
b - Sticks to Snakes      Tmut           #.......     14%         2    ###....

Your spell library contained the following spells:

 Spells                   Type           Power        Failure   Level  Hunger
 Magic Dart               Conj           #...         22%         1    #......
 Blink                    Tloc           N/A          32%         2    ###....
 Call Imp                 Summ           #.......     32%         2    ###....
 Slow                     Hex            #.......     32%         2    ###....
 Spider Form              Tmut/Pois      #.........   38%         3    ###....
 Conjure Flame            Conj/Fire      #.......     54%         3    ###....
 Mephitic Cloud           Conj/Pois/Air  #.......     54%         3    ###....
 Ice Form                 Ice/Tmut       #.......     80%         4    #####..
 Blade Hands              Tmut           #.........   94%         5    ######.


Dungeon Overview and Level Annotations

Branches:
Dungeon (4/15)
 Temple: D:4-7

Altars:

Shops:
D:4 (


Innate Abilities, Weirdness & Mutations

You cannot wear armour.
You are incapable of wielding weapons or throwing items.
Your paws allow you to move quietly. (Stealth)
You have sharp claws.
You have razor-sharp teeth.
You have supernaturally acute eyesight. (SInv)
You are carnivorous and can eat meat at any time.
You cover ground quickly.
You are covered in fur. (AC +1)
You have a slow metabolism.
Your sharp claws are effective at attacking unaware monsters.


Message History

The phantom hits you.
The phantom blinks!
Your adder closely misses the phantom.
Your ball python barely misses the phantom.
Your adder closely misses the phantom.
The phantom barely misses your adder.
Your ball python bites the phantom but does no damage.
Your adder bites the phantom but does no damage.
The phantom hits your adder!
Your ball python completely misses the phantom.
Your adder bites the phantom.
Your ball python barely misses the phantom.
The phantom hits your adder.
Your adder dies!
Your ball python closely misses the phantom.
You scratch the phantom but do no damage.
The phantom is moderately damaged.
The phantom hits you.
Your ball python misses the phantom.
You scratch the phantom.
The phantom is moderately damaged.
The phantom hits you!
You die...

.........# ###.# #........
.........# ###...## #........
.........# ###...#..# #........
...###########...####.###........
...# #.....###..#..##........
...# ##...##.##?...##.##........
.#####...# #..#..#..#..#........
.###...# ##.##W...##.######...
.....# #..@S.###...#####...
###.## ##.####...#.#...#... #..#
#..#...###.#...#... ##.##
.##...###...##....#. #..# #..
.###...#..##.###.
##.####...#####...####.##.....
#..#...###.#...#.#..#..#.....
##...###...##.##....##.##.###
#.###...#..#.รท#..#..#..#..


You could see a phantom and a friendly ball python.

Vanquished Creatures
  An ogre (D:4)
  An iguana (D:4)
  7 adders
  2 oozes
  A worm (D:3)
  2 dart slugs
  A leopard gecko (D:2)
  An orc (D:3)
  7 bats
  5 giant cockroaches
  4 hobgoblins
  4 jackals
  13 kobolds
  A ball python (D:3)
  7 frilled lizards
  2 goblins
  5 rats
64 creatures vanquished.

Notes
Turn   | Place    | Note
-------+----------+-------------------------------------------
     0 | D:1      | Froggeryz the Felid Transmuter began the quest for the Orb.
     0 | D:1      | Reached XP level 1. HP: 9/9 MP: 4/4
   162 | D:1      | Reached XP level 2. HP: 8/12 MP: 6/6
   961 | D:2      | Reached XP level 3. HP: 11/16 MP: 7/7
  1056 | D:2      | Learned a level 2 spell: Sticks to Snakes
  1200 | D:2      | Reached skill level 4 in Unarmed Combat
  1779 | D:2      | Reached XP level 4. HP: 15/19 MP: 8/8
  3389 | D:3      | Succumbed to a scorpion's poison
  3390 | D:3      | Reached XP level 3. HP: 0/16 MP: 7/7
  3530 | D:4      | Noticed an ogre
  3541 | D:4      | Killed an ogre
  3541 | D:4      | Reached skill level 1 in Stealth
  3541 | D:4      | Reached skill level 5 in Unarmed Combat
  3541 | D:4      | Reached XP level 4. HP: 19/19 MP: 3/8
  3582 | D:4      | Found Qoemesi's Antique Weapon Emporium.
  3656 | D:4      | Reached XP level 5. HP: 22/22 MP: 9/9
  3948 | D:4      | Noticed a phantom
  3974 | D:4      | Slain by a phantom

Illustrated notes

Levels and vault maps discovered:
D:1:      giann_bridges, layout_basic
D:2:      minmay_door_path, layout_loops_ring, first_ration, minmay_cut_off
D:3:      layout_loops_ring
D:4:      minmay_skewed_foursquare, layout_basic, serial_shops, shop,
          grunt_decor_one_mirror

Skill      XL: |  1  2  3  4  5 |
---------------+----------------+-----
Fighting       | 2 |  2.1
Unarmed Combat | 5 |  5.4
Dodging        | 3 4 |  4.0
Stealth        | 1 2 |  2.3
Spellcasting   | |  2.0
Transmutations | |  2.1

Action                   |  1- 3 |  4- 6 || total
-------------------------+-------+-------++-------
Melee: Unarmed           |   113 |   119 ||   232
       Bite              |     8 |    12 ||    20
       Headbutt          |     2 |     1 ||     3
 Cast: Beastly Appendage |     2 |     1 ||     3
       Sticks to Snakes  |     2 |     4 ||     6
 Stab: Sleeping          |     8 |     3 ||    11
  Eat: Chunk             |     9 |    10 ||    19
Armor: Skin              |     3 |     6 ||     9
Dodge: Dodged            |    91 |    94 ||   185
